 Dungeon Sprint DCSS version 0.29.1-2-gbd0b4ee654 (webtiles) character file.

Game seed: 11487565444047765979

1750 Zeld the Severer (level 8, -13/123 HPs)
             Began as a Minotaur Berserker on Oct 24, 2022.
             Was an Elder of Trog.
             Mangled by a deep troll (17 damage)
             ... in the Dungeon (Sprint I: "Red Sonja").
             The game lasted 00:00:59 (984 turns).

Zeld the Severer (Minotaur Berserker)                Turns: 984, Time: 00:01:00

Health: -13/123    AC:  2    Str: 24    XL:     8   Next: 78%
Magic:  7/7        EV: 15    Int:  4    God:    Trog [****..]
Gold:   711        SH:  0    Dex: 10    Spells: 7/7 levels left

rFire   . . .      SeeInvis .   a - +0 hand axe
rCold   . . .      Faith    .   (no shield)
rNeg    . . .      Spirit   .   b - +0 animal skin
rPois   .          Reflect  .   (helmet restricted)
rElec   .          Harm     .   (no cloak)
rCorr   .          Rampage  .   (no gloves)
Will    .....      NoTele   +   (no boots)
Stlth   ..........              (no amulet)
HPRegen 0.30/turn               (no ring)
MPRegen 0.10/turn               (no ring)

@: berserking, very quick
A: horns 2, retaliatory headbutt
a: Renounce Religion, Berserk, Trog's Hand, Brothers in Arms


You were in the Dungeon.
You worshipped Trog.
Trog was greatly pleased with you.
You visited 1 branch You collected 711 gold pieces.

Inventory:

Hand Weapons
 a - a +0 hand axe (weapon)
Armour
 b - a +0 animal skin (worn)
Wands
 i - a wand of flame (26)
Scrolls
 h - a scroll of blinking
Potions
 c - 3 potions of curing
 d - a potion of heal wounds
 e - a potion of haste
 f - 2 potions of magic
 g - a potion of berserk rage
 j - a potion of attraction {unknown}


   Skills:
 + Level 11.2 Fighting
 * Level 15.1 Axes
 + Level 10.9 Armour
 + Level 10.0 Dodging


You had 7 spell levels left.
You didn't know any spells.
Your spell library was empty.

Dungeon Overview and Level Annotations

Branches:
Dungeon (1/1)

Altars:
Cheibriados
Dithmenos
Elyvilon
Fedhas
Gozag
Hepliaklqana
Kikubaaqudgha
Makhleb
Nemelex Xobeh
Okawaru
Qazlal
Ru
Sif Muna
Trog
Uskayaw
Vehumet
Wu Jian
Xom
Yredelemnul
Zin
The Shining One
Jiyva
Lugonu

Shops:
D =(


Innate Abilities, Weirdness & Mutations

You have a pair of horns on your head.
You reflexively headbutt those who attack you in melee.


Message History

There is an open door here.
Things that are here:
a +2 short sword of venom; 3 curare-tipped darts; the kobold skeleton of Sonja You open the door.
A deep troll comes into view.
Found 108 gold pieces.
There is an open door here.
You hit the deep troll but do no damage.
The deep troll bites you!! The deep troll closely misses you.
The deep troll claws you!
You hit the deep troll but do no damage.
You barely miss the deep troll. Your headbutt misses the deep troll.
The deep troll bites you. The deep troll claws you!
The deep troll completely misses you.
Unknown command.
You are too injured to fight recklessly!
A red film seems to cover your vision as you go berserk!
You feel yourself moving faster!
You feel mighty! The deep troll barely misses you. The deep troll claws you.
The deep troll misses you.
You closely miss the deep troll.
Unknown command.
You are too injured to fight recklessly!
You barely miss the deep troll. Your headbutt misses the deep troll.
Unknown command.
You slash the deep troll!
The deep troll is moderately wounded.
The deep troll bites you!
* * * LOW HITPOINT WARNING * * *
The deep troll claws you!
* * * LOW HITPOINT WARNING * * *
The deep troll claws you!
* * * LOW HITPOINT WARNING * * *
You slash the deep troll!
The deep troll is moderately wounded.
You hit the deep troll but do no damage.
The deep troll is moderately wounded.
The deep troll completely misses you. You furiously retaliate!
You headbutt the deep troll! The deep troll claws you!
You die...

#..#####'#####'#__####...+
#..####..#...#(#### #####
#..#__####..##.#
#..#_____##'#_.+
#⌠⌠#_.∩...'..._#
####_..__##_.#'#
#_____###'#)#
############.####+###
#∩........'.).@T$.$$+
###++++####...#######
###.### #.#'#.# #.....#
#.[[..# #######


You could see a deep troll.

Vanquished Creatures
  Sonja (D)
  2 kobold demonologists (D)
  A slime creature (D)
  Sigmund (D)
  A yak (D)
  A floating eye (D)
  An ogre (D)
  A jelly (D)
  Ijyb (D)
10 creatures vanquished.

Vanquished Creatures (others)
  2 ballistomycete spores (D)
2 creatures vanquished.

Grand Total: 12 creatures vanquished

Notes
Turn   | Place    | Note
-------+----------+-------------------------------------------
     0 | D        | Zeld the Minotaur Berserker began the quest for the Orb.
     0 | D        | Reached XP level 1. HP: 19/19 MP: 0/0
     1 | D        | Noticed Ijyb
     6 | D        | Killed Ijyb
     7 | D        | Reached skill level 5 in Axes
     7 | D        | Reached XP level 2. HP: 28/28 MP: 1/1
    81 | D        | Noticed an ogre
    85 | D        | Killed an ogre
    86 | D        | Reached skill level 7 in Axes
    86 | D        | Reached skill level 5 in Armour
    86 | D        | Reached XP level 3. HP: 37/37 MP: 2/2
    86 | D        | Reached XP level 4. HP: 44/44 MP: 3/3
   152 | D        | Noticed Sigmund
   165 | D        | Killed Sigmund
   165 | D        | Reached ** piety under Trog
   166 | D        | Reached skill level 10 in Axes
   166 | D        | Reached XP level 5. HP: 52/52 MP: 4/4
   166 | D        | Reached XP level 6. HP: 60/60 MP: 5/5
   259 | D        | Found an ornate altar of the Wu Jian Council.
   259 | D        | Found a shimmering blue altar of Sif Muna.
   261 | D        | Found a radiant altar of Vehumet.
   338 | D        | Found Varig's Weapon Emporium.
   338 | D        | Found an ancient bone altar of Kikubaaqudgha.
   338 | D        | Found a hazy altar of Hepliaklqana.
   338 | D        | Found a hide-covered altar of Uskayaw.
   338 | D        | Found a basalt altar of Yredelemnul.
   338 | D        | Found an opulent altar of Gozag.
   338 | D        | Found a snail-covered altar of Cheibriados.
   338 | D        | Found a sacrificial altar of Ru.
   338 | D        | Found a shadowy altar of Dithmenos.
   338 | D        | Noticed a yak
   339 | D        | Found a stormy altar of Qazlal.
   339 | D        | Found a blossoming altar of Fedhas.
   339 | D        | Found a bloodstained altar of Trog.
   339 | D        | Found an iron altar of Okawaru.
   339 | D        | Found a glowing golden altar of the Shining One.
   339 | D        | Found a glowing silver altar of Zin.
   339 | D        | Found a white marble altar of Elyvilon.
   344 | D        | Killed a yak
   345 | D        | Reached skill level 11 in Axes
   346 | D        | Found a sparkling altar of Nemelex Xobeh.
   389 | D        | Found a burning altar of Makhleb.
   389 | D        | Found a viscous altar of Jiyva.
   389 | D        | Found a shimmering altar of Xom.
   389 | D        | Found a corrupted altar of Lugonu.
   389 | D        | Noticed a slime creature
   393 | D        | Killed a slime creature
   394 | D        | Reached skill level 12 in Axes
   394 | D        | Reached XP level 7. HP: 70/70 MP: 6/6
   448 | D        | Noticed a kobold demonologist
   448 | D        | Noticed a kobold demonologist
   454 | D        | Killed a kobold demonologist
   454 | D        | Reached *** piety under Trog
   455 | D        | Reached skill level 10 in Fighting
   455 | D        | Reached skill level 13 in Axes
   458 | D        | Killed a kobold demonologist
   459 | D        | Reached skill level 14 in Axes
   459 | D        | Reached skill level 10 in Armour
   459 | D        | Reached XP level 8. HP: 80/80 MP: 7/7
   560 | D        | Noticed Sonja
   568 | D        | Killed Sonja
   568 | D        | Reached **** piety under Trog
   569 | D        | Reached skill level 15 in Axes
   569 | D        | Reached skill level 10 in Dodging
   890 | D        | Identified the +2 robe of Cowardice {Dex+3}
   954 | D        | Found Ostaet's Jewellery Boutique.
   974 | D        | Noticed a deep troll
   982 | D        | HP: 4/123 [deep troll (9)]
   984 | D        | Mangled by a deep troll

Illustrated notes

Levels and vault maps discovered:
D:        dungeon_sprint_1 [red_sonja_temple_1, red_sonja_temple_small_1]

Skill      XL: |  1  2  3  4  5  6  7  8 |
---------------+-------------------------+-----
Fighting       | 4 6 7 9 10 11 | 11.2
Axes           | 5 7 10 12 14 15 | 15.1
Armour         | 3 5 7 8 10 | 10.9
Dodging        | 3 4 6 8 9 10 | 10.0

Action                   |  1- 3 |  4- 6 |  7- 9 || total
-------------------------+-------+-------+-------++-------
Melee: Hand axe          |     5 |    20 |    21 ||    46
       Headbutt          |       |     5 |     2 ||     7
Invok: Berserk           |     2 |     3 |     3 ||     8
       Trog's Hand       |       |       |     1 ||     1
  Use: Potion            |       |       |     1 ||     1
Dodge: Dodged            |     2 |     6 |    15 ||    23
